 Dungeon Crawl Stone Soup version 0.17.2-1-ge4368a0 (webtiles) character file.

1220 Hurricos the Magician (level 8, 0/36 HPs)
             Began as a Spriggan Conjurer on Sept 7, 2017.
             Was an Initiate of Ashenzari.
             Slain by a centaur (7 damage)
             ... on level 6 of the Dungeon.
             The game lasted 00:15:05 (7872 turns).

Hurricos the Magician (Spriggan Conjurer)           Turns: 7872, Time: 00:15:06

Health: 0/36       AC:  3    Str:  6    XL:     8   Next: 23%
Magic:  11/20      EV: 28    Int: 19    God:    Ashenzari [......]
Gold:   279        SH:  0    Dex: 21    Spells: 5 memorised, 6 levels left

rFire  . . .     SeeInvis +     a - +3 whip (elec) (curse)
rCold  . . .     Clarity  .     v - +1 robe
rNeg   + + .     SustAt   .     (shield restricted)
rPois  .         Gourm    .     (helmet restricted)
rElec  .         Spirit   .     (no cloak)
rCorr  .         Warding  +     (gloves unavailable)
rMut   .         Stasis   .     (boots unavailable)
MR     +....                    E - amulet of warding
Stlth  ++++......               o - +2 ring of strength
                                x - ring of positive energy

@: agile, very quick, somewhat resistant to hostile enchantments, stealthy
A: unfitting armour, see invisible, herbivore 3, speed 3, slow metabolism 2
a: Renounce Religion


You were on level 6 of the Dungeon.
You worshipped Ashenzari.
Ashenzari was noncommittal.
You were not hungry.

You visited 2 branches of the dungeon, and saw 7 of its levels.
You also visited: Ossuary.

You collected 279 gold pieces.

Inventory:

Hand Weapons
 a - a cursed +3 whip of electrocution (weapon)
 f - a +0 dagger
Armour
 v - a +1 robe (worn)
Magical Staves
 m - an uncursed staff of death
Jewellery
 j - an uncursed ring of protection from fire
 o - a +2 ring of strength (right hand)
 p - an uncursed ring of flight
 x - a ring of positive energy (left hand)
 y - an uncursed amulet of resist corrosion
 E - an amulet of warding (around neck)
Wands
 n - a wand of lightning (7)
Scrolls
 d - a scroll of recharging {unknown}
 e - 4 scrolls of fear
 h - a scroll of curse armour
 r - a scroll of curse jewellery
 s - a scroll of amnesia
 A - a scroll of blinking
 C - a scroll of enchant weapon
 F - a scroll of silence {unknown}
 G - a scroll of remove curse
Potions
 c - 3 potions of agility
 i - 2 potions of lignification {unknown}
 k - 3 potions of poison {unknown}
 t - a potion of berserk rage {unknown}
 u - 3 potions of heal wounds {unknown}
 z - a potion of magic {unknown}
 B - 2 potions of haste {unknown}
 D - 3 potions of ambrosia {unknown}
Books
 b - a book of Conjurations

   Spells                             Type                      Level
   a - Magic Dart                     Conjuration                  1
   b - Searing Ray                    Conjuration                  2
   c - Dazzling Spray                 Conjuration/Hexes            3
   d - Fulminant Prism                Conjuration/Hexes            4
   e - Iskenderun's Mystic Blast      Conjuration                  4
   f - Iskenderun's Battlesphere      Conjuration/Charms           5
Comestibles
 l - 5 fruits
 q - 3 slices of pizza
 w - 2 bread rations


   Skills:
 - Level 6.2 Dodging
 - Level 3.0 Stealth
 + Level 7.3 Spellcasting
 - Level 4.6 Conjurations
 - Level 5.1 Hexes
 + Level 3.7 Charms


You had 6 spell levels left.
You knew the following spells:

 Your Spells              Type           Power        Failure   Level  Hunger
a - Magic Dart            Conj           ###.         1%          1    None
b - Searing Ray           Conj           ###...       2%          2    None
c - Dazzling Spray        Conj/Hex       ####....     4%          3    #......
d - Fulminant Prism       Conj/Hex       ####......   14%         4    ###....
j - Iskenderun's Battles  Conj/Chrm      ###.....     63%         5    #####..


Dungeon Overview and Level Annotations

Branches:
Dungeon (6/15)             Temple (1/1) D:6

Altars:
Ashenzari
Cheibriados
Dithmenos
Elyvilon
Fedhas
Gozag
Makhleb
Nemelex Xobeh
Okawaru
Qazlal
Ru
Sif Muna
Trog
Yredelemnul

Annotations:
D:3 exclusion: downstairs


Innate Abilities, Weirdness & Mutations

You are tiny and cannot use many weapons and most armour.
You have supernaturally acute eyesight.
You are a herbivore.
You cover ground extremely quickly.
You need consume almost no food.


Message History

The centaur closely misses you. The centaur misses you.
You barely miss the centaur.
The centaur is severely wounded.
The centaur completely misses you.
The centaur hits you but does no damage.
Casting: Searing Ray
Confirm with . or Enter, or press ? or * to list all spells.
Aiming: Searing Ray
Press: ? - help, Shift-Dir - straight line, f - centaur
Aim: a centaur, carrying a wand of polymorph {empty} (severely wounded)
The searing ray hits the centaur.
The centaur is almost dead.
The centaur completely misses you.
Casting: Searing Ray
Confirm with . or Enter, or press ? or * to list all spells.
Aiming: Dazzling Spray
Press: ? - help, Shift-Dir - straight line, f/p - centaur
Aim: a centaur, carrying a wand of polymorph {empty} (almost dead)
The spray of energy misses the centaur.
The centaur hits you!
You die...

#. ... #### ..
..##.#.#
#....o.#
##.##########
#...c@(....(#
#..########.#
#..# #.†# #.†#
#††# # #..# ..
#..########.###
#..............


You could see a centaur.

Vanquished Creatures
  Duvessa (D:5)
  An ice beast (D:6)
  A centaur (D:6)
  A necrophage (D:5)
  An ogre (D:4)
  Dowan (D:5)
  A scorpion (D:4)
  An orc priest (D:4)
  2 orc wizards (D:4)
  A giant frog skeleton (D:4)
  2 hounds
  A giant frog zombie (D:5)
  Ijyb (D:2)
  2 human zombies (Ossuary)
  2 worker ants (D:5)
  A big kobold zombie (Ossuary)
  2 hound zombies (Ossuary)
  2 hound skeletons (D:5)
  4 mummies (Ossuary)
  9 adders
  2 worms (D:2)
  5 giant geckos
  9 orcs
  7 giant cockroaches
  2 gnoll zombies (Ossuary)
  9 hobgoblins
  8 jackals
  A ball python (D:2)
  6 bats
  A giant gecko zombie (D:5)
  5 giant newts
  12 goblins
  2 jackal zombies (Ossuary)
  12 kobolds
  3 orc zombies (Ossuary)
  4 quokkas
  5 rats
130 creatures vanquished.

Vanquished Creatures (others)
  3 fulminant prisms (Ossuary)
3 creatures vanquished.

Grand Total: 133 creatures vanquished

Notes
Turn   | Place    | Note
--------------------------------------------------------------
     0 | D:1      | Hurricos the Spriggan Conjurer began the quest for the Orb.
     0 | D:1      | Reached XP level 1. HP: 9/9 MP: 5/5
   527 | D:1      | Reached XP level 2. HP: 13/13 MP: 0/7
  1561 | D:2      | Learned a level 2 spell: Searing Ray
  1980 | D:2      | Reached XP level 3. HP: 16/16 MP: 5/8
  2811 | D:2      | Noticed Ijyb
  2839 | D:2      | Killed Ijyb
  2839 | D:2      | Reached XP level 4. HP: 18/21 MP: 1/10
  3054 | D:2      | Reached skill level 4 in Spellcasting
  3176 | D:2      | Learned a level 3 spell: Dazzling Spray
  3620 | D:3      | Reached skill level 1 in Hexes
  4011 | D:4      | Noticed an ogre
  4286 | D:4      | Reached XP level 5. HP: 24/24 MP: 6/12
  4923 | D:4      | Reached XP level 6. HP: 26/28 MP: 4/14
  5114 | D:4      | Killed an ogre
  5114 | D:4      | Reached skill level 5 in Spellcasting
  5360 | D:5      | Entered Level 5 of the Dungeon
  5522 | D:5      | Reached skill level 5 in Dodging
  5522 | D:5      | Reached XP level 7. HP: 32/32 MP: 7/16
  5613 | D:5      | Found a sacrificial altar of Ru.
  5673 | D:5      | Reached skill level 6 in Spellcasting
  5705 | D:5      | Found a sand-covered staircase.
  5712 | Ossuary  | Entered an ossuary
  5829 | Ossuary  | Learned a level 4 spell: Fulminant Prism
  6438 | D:5      | Noticed Duvessa
  6441 | D:5      | Noticed Dowan
  6446 | D:5      | Killed Duvessa
  6446 | D:5      | Reached skill level 5 in Hexes
  6453 | D:5      | Killed Dowan
  6644 | D:5      | Found an iron altar of Okawaru.
  6824 | D:5      | Learned a level 5 spell: Iskenderun's Battlesphere
  6891 | D:6      | Reached XP level 8. HP: 23/36 MP: 6/19
  7028 | D:6      | Found a staircase to the Ecumenical Temple.
  7042 | Temple   | Entered the Ecumenical Temple
  7113 | Temple   | Became a worshipper of Ashenzari the Shackled
  7402 | D:6      | Reached skill level 7 in Spellcasting
  7533 | D:6      | Noticed a troll
  7872 | D:6      | Slain by a centaur

Action                   |  1- 3 |  4- 6 |  7- 9 || total
-------------------------+-------+-------+-------++-------
Melee: Dagger            |     8 |       |       ||     8
       Whip              |     7 |    48 |    76 ||   131
 Cast: Magic Dart        |    78 |    44 |    33 ||   155
       Searing Ray       |     5 |    16 |    18 ||    39
       Dazzling Spray    |       |     9 |     7 ||    16
       Fulminant Prism   |       |       |     3 ||     3
  Use: Scroll            |       |     7 |     7 ||    14
       Potion            |       |       |     9 ||     9
 Stab: Sleeping          |       |     4 |     3 ||     7
  Eat: Bread ration      |       |     1 |       ||     1
